 Dungeon Crawl Stone Soup version 0.28.0-53-g5a82cb258f (webtiles) character file.

Game seed: 3856468220530363158

37 Daonar the Skirmisher (level 3, -1/23 HPs)
             Began as a Kobold Berserker on July 16, 2022.
             Was a Believer of Trog.
             Slain by a hobgoblin (2 damage)
             ... on level 2 of the Dungeon.
             The game lasted 00:11:30 (2275 turns).

Daonar the Skirmisher (Kobold Berserker)            Turns: 2275, Time: 00:11:31

Health: -1/23      AC:  6    Str: 16    XL:     3   Next: 60%
Magic:  3/3        EV: 12    Int:  8    God:    Trog [**....]
Gold:   37         SH:  0    Dex: 14    Spells: 2/2 levels left

rFire   . . .      SeeInvis .   a - +0 spear
rCold   . . .      Faith    .   (no shield)
rNeg    . . .      Spirit   .   h - +0 scale mail
rPois   .          Reflect  .   (no helmet)
rElec   .          Harm     .   (no cloak)
rCorr   .          Rampage  .   (no gloves)
Will    .....                   (no boots)
Stlth   +.........              (no amulet)
HPRegen 0.07/turn               (no ring)
MPRegen 0.08/turn               (no ring)

@: no status effects
A: small, no large weapons, nightstalker 3
a: Renounce Religion, Berserk, Trog's Hand


You were on level 2 of the Dungeon.
You worshipped Trog.
Trog was pleased with you.
You visited 1 branch of the dungeon, and saw 2 of its levels.

You collected 37 gold pieces.

Inventory:

Hand Weapons
 a - a +0 spear (weapon)
 j - a +0 spear
Missiles
 f - 42 stones (quivered)
 g - 3 large rocks
Armour
 b - a +0 animal skin
 h - a +0 scale mail (worn)
 k - a +0 leather armour
Scrolls
 c - a scroll of teleportation
 d - 2 scrolls of fog
Potions
 i - a potion of heal wounds


   Skills:
 + Level 3.6 Fighting
 + Level 3.1 Polearms
 + Level 1.6 Armour
 + Level 2.8 Dodging
 + Level 1.0 Stealth


You had 2 spell levels left.
You didn't know any spells.
Your spell library contained the following spells:

 Spells                   Type           Power      Damage    Failure   Level
 Sting                    Tmut/Pois      0%         1d3       85%         1
 Poisonous Vapours        Pois/Air       0%         N/A       94%         2
 Olgreb's Toxic Radiance  Pois           0%         N/A       100%        4


Dungeon Overview and Level Annotations

Branches:
Dungeon (2/15)

Altars:

Annotations:
D:2 Robin


Innate Abilities, Weirdness & Mutations

You are small and have problems with some larger weapons.
You are completely attuned to the shadows.


Message History

The hobgoblin closely misses you.
You completely miss the hobgoblin.
The hobgoblin is almost dead.
The hobgoblin barely misses you. x2
You barely miss the hobgoblin.
The hobgoblin is almost dead.
The hobgoblin hits you. x2
You hit the hobgoblin but do no damage.
The hobgoblin is almost dead.
The hobgoblin closely misses you. The hobgoblin hits you. x2
You hit the hobgoblin but do no damage.
The hobgoblin is severely wounded.
The hobgoblin barely misses you. The hobgoblin closely misses you.
The hobgoblin barely misses you.
You hit the hobgoblin.
You kill the hobgoblin!
Trog accepts your kill. The hobgoblin barely misses you.
The hobgoblin hits you but does no damage.
The hobgoblin hits you but does no damage.
Things that are here:
11 stones; a +0 robe; a scroll labelled CEUMPOBLAE A kobold comes into view.
It is wielding a +0 short sword.
You hit the hobgoblin but do no damage. The hobgoblin hits you.
You closely miss the hobgoblin. The hobgoblin barely misses you.
You hit the hobgoblin.
The hobgoblin is almost dead.
You closely miss the hobgoblin. The hobgoblin barely misses you.
The kobold hits you with a +0 short sword.
* * * LOW HITPOINT WARNING * * *
You hit the hobgoblin but do no damage. The hobgoblin hits you.
* * * LOW HITPOINT WARNING * * *
The hobgoblin hits you.
* * * LOW HITPOINT WARNING * * *
You closely miss the hobgoblin. The kobold hits you but does no damage.
The hobgoblin barely misses you. The hobgoblin hits you.
* * * LOW HITPOINT WARNING * * *
You barely miss the hobgoblin. The kobold barely misses you.
The hobgoblin hits you.
You die...

.......# #......#*.#
#.###..#*#...##.##.#
#.#*#..............#
,,,,...............#
********##.#.##..#.#
*,#....(#.#
*******,*..##.#,#
****,,,,,,,*..##g#.#
,,,*,,,,,,,,....@g.#
,*,*,,,,,,,*#.##K#.#*
,,,,,,,,,,,*#,,...#.#
,,**,,,<,,,***##...##
,,**,,,,,,,* ##.##
,,**,,,,,,,* *,*
,,********** *,*
******* *,*
,,,,,,**** *,*


You could see 2 hobgoblins and a kobold.

Vanquished Creatures
  2 dart slugs
  3 bats
  2 endoplasms (D:1)
  2 giant cockroaches (D:1)
  6 hobgoblins
  3 kobolds
  A ball python (D:1)
  3 frilled lizards (D:1)
  5 goblins
  2 rats (D:1)
29 creatures vanquished.

Vanquished Creatures (others)
  2 fungi (D:2)
  7 plants (D:2)
9 creatures vanquished.

Grand Total: 38 creatures vanquished

Notes
Turn   | Place    | Note
-------+----------+-------------------------------------------
     0 | D:1      | Daonar the Kobold Berserker began the quest for the Orb.
     0 | D:1      | Reached XP level 1. HP: 14/14 MP: 1/1
   244 | D:1      | Reached XP level 2. HP: 19/19 MP: 2/2
  1412 | D:1      | Reached XP level 3. HP: 23/23 MP: 3/3
  2185 | D:2      | Noticed Robin
  2206 | D:2      | Reached ** piety under Trog
  2212 | D:2      | Reached skill level 1 in Stealth
  2274 | D:2      | HP: 1/23 [hobgoblin (3)]
  2275 | D:2      | Slain by a hobgoblin

Illustrated notes

Levels and vault maps discovered:
D:1:      minmay_arrival_jagged, layout_loops_ring, chequers_decorated_corner,
          minivault_4
D:2:      layout_loops_cross, shapermc_ecumenical_altar_hornbeckon, uniq_robin

Skill      XL: |  1  2  3 |
---------------+----------+-----
Polearms       | 3 |  3.1
Stealth        | 1 |  1.0
Fighting       | |  3.6
Armour         | |  1.6
Dodging        | |  2.8

Action                   || total
-------------------------++-------
Melee: Spear             ||   117
       Punch             ||     2
  Use: Scroll            ||     5
       Potion            ||     1
 Stab: Sleeping          ||     3
Armor: Animal skin       ||    24
       Scale mail        ||     9
Dodge: Dodged            ||   121
